 Dungeon Crawl Stone Soup version 0.31.0-11-ge490571c62 (webtiles) character file.

Game seed: 4380946694513934819

12273 tilp the Severer (level 11, -7/101 HPs)
             Began as a Minotaur Berserker on Feb 9, 2024.
             Was a High Priest of Trog.
             Mangled by a cyclops (26 damage)
             ... on level 11 of the Dungeon.
             The game lasted 00:12:35 (10146 turns).

tilp the Severer (Minotaur Berserker)              Turns: 10146, Time: 00:12:36

Health: -7/101     AC: 15    Str: 25    XL:     11   Next: 60%
Magic:  10/10      EV: 12    Int:  4    God:    Trog [*****.]
Gold:   206        SH:  5    Dex: 17    Spells: 10/10 levels left

rFire   . . .        a - +4 war axe (freeze)
rCold   . . .        (no shield)
rNeg    . . .        e - +0 chain mail
rPois   .            (helmet restricted)
rElec   .            p - +1 cloak
rCorr   .            (no gloves)
SInv    .            r - +2 pair of boots {Fly}
Will    .....        o - amulet of reflection Stlth
                     v - +6 ring of dexterity
HPRegen 0.36/turn    E - +4 ring of protection
MPRegen 0.12/turn

%: reflection
@: corroded, on berserk cooldown, flying, slowed, very slow
A: horns 2, retaliatory headbutt
a: Renounce Religion, Berserk, Trog's Hand, Brothers in Arms


You were on level 11 of the Dungeon.
You worshipped Trog.
Trog was extremely pleased with you.
You visited 1 branch of the dungeon, and saw 11 of its levels.
You also visited: Sewer.

You collected 650 gold pieces.
You spent 444 gold pieces at shops.

Inventory:

Hand Weapons
 a - a +4 war axe of freezing (weapon)
 b - a +2 hand axe of flaming
 L - a +0 war axe
Missiles
 g - 5 darts of dispersal (quivered)
 q - 28 poisoned darts
 w - 3 throwing nets {!f}
 B - 2 javelins
 D - 6 curare-tipped darts
 K - 5 boomerangs
Armour
 e - a +0 chain mail (worn)
 p - a +1 cloak (worn)
 r - a +2 pair of boots of flying (worn)
 C - a +0 plate armour
 J - the +1 pair of boots of the Land of Plenty {+Inv Fly}
   (You found it on level 7 of the Dungeon)

   +Inv:      It lets you turn invisible.
   Fly:       It grants you flight.
Jewellery
 l - an amulet of the acrobat
 o - an amulet of reflection (around neck)
 v - a +6 ring of dexterity (left hand)
 E - a +4 ring of protection (right hand)
 F - a ring of ice
Wands
 y - a wand of iceblast (2)
Scrolls
 c - 5 scrolls of enchant weapon
 j - 6 scrolls of teleportation
 s - 4 scrolls of immolation
 u - 3 scrolls of revelation
 A - 2 scrolls of fear
 G - a scroll of identify
 H - a scroll of silence
 M - a scroll of amnesia {unknown}
Potions
 d - 3 potions of mutation
 f - 3 potions of enlightenment
 h - 3 potions of heal wounds
 i - a potion of haste
 k - 2 potions of might
 m - a potion of attraction
 n - 3 potions of ambrosia
 t - a potion of cancellation
 x - 3 potions of curing
 z - a potion of lignification
 I - a potion of berserk rage


   Skills:
 + Level 10.6 Fighting
 - Level 16.0 Axes
 + Level 2.7 Throwing
 + Level 6.2 Armour
 + Level 6.8 Dodging
 - Level 2.0 Stealth
 + Level 4.8 Evocations


You had 10 spell levels left.
You didn't know any spells.
Your spell library was empty.

Dungeon Overview and Level Annotations

Branches:
Dungeon (11/15)            Temple (0/1) D:6            Lair (0/5) D:9
    Orc (0/2) D:10          Sewer (visited)

Altars:
Ashenzari
Elyvilon
Gozag
Hepliaklqana
Qazlal
Ru
Vehumet
Zin

Shops:
D:1 [   D:7 (   D:9 ?


Innate Abilities, Weirdness & Mutations

You have a pair of horns on your head.
You reflexively headbutt those who attack you in melee.


Message History

You slice the acid dragon!! You freeze the acid dragon.
You kill the acid dragon!
Trog accepts your kill.
The acid dragon scales are intact enough to wear.
You hit the shadow.
Unknown command.
You slash the shadow!
You destroy the shadow!
Trog accepts your kill.
You feel a strong urge to attack something.
A cyclops comes into view.
You feel your anger nearly subside.
You are no longer berserk.
You are exhausted.
You feel yourself slow down.
The cyclops hits you but does no damage.
You hit the cyclops but do no damage.
You headbutt the cyclops, but do no damage.
The cyclops hits you but does no damage.
You hit the cyclops. You freeze the cyclops.
The cyclops is lightly wounded.
You slash the cyclops! You freeze the cyclops.
The cyclops is moderately wounded.
The cyclops closely misses you.
You slash the cyclops! You freeze the cyclops. You headbutt the cyclops.
The cyclops is severely wounded.
You block the cyclops's attack.
You barely miss the cyclops.
You headbutt the cyclops, but do no damage.
The cyclops is severely wounded.
The cyclops hits you but does no damage.
You slash the cyclops! You freeze the cyclops.
The cyclops is almost dead.
You hit the cyclops. You freeze the cyclops.
The cyclops is almost dead.
The cyclops hits you!
* * * LOW HITPOINT WARNING * * *
You barely miss the cyclops.
The cyclops is almost dead.
The cyclops hits you!!
You die...

######## ####......#
#.÷)..### #.#.)...##
####...#.♣..#
#....#.#..♣.#
#####.####.##..C####
......# #..####@.!##
......# ##.. #.♣).# .#
......# #.♣ #..♣†#..#
......# ...##.)...#
.....)########..###[###
.....>........... .#
......#)......# ##
#####.#.......#
#.#.......#


You could see a cyclops.

Vanquished Creatures
  3 two-headed ogres
  Nergalle (D:11)
  2 skeletal warriors (D:11)
  A manticore (D:11)
  An efreet (D:11)
  A troll (D:10)
  Grinder (D:3)
  A shadow (D:11)
  Sigmund (D:5)
  3 wyverns (D:9)
  A wraith (D:11)
  4 yaks (D:9)
  A human (D:9)
  4 hogs (D:9)
  4 steam dragons
  An acid dragon (D:11)
  7 water moccasins
  Pargi (Sewer)
  3 orc warriors
  3 black bears
  A sky beast (D:7)
  5 ogres
  3 centaurs (D:11)
  A phantom (D:4)
  2 kobold brigands
  3 bullfrogs
  2 brain worms (Sewer)
  A scorpion (D:7)
  15 wights
  5 howler monkeys
  2 jellies
  2 bombardier beetles (D:5)
  2 gnoll boudas
  3 hounds
  8 orc priests
  2 sleepcaps
  2 iguanas
  11 orc wizards
  Robin (D:2)
  14 adders
  12 gnolls
  A river rat (D:4)
  2 shadow imps
  2 white imps
  3 dart slugs
  6 ribbon worms (D:4)
  40 orcs
  7 ball pythons
  13 endoplasms
  4 giant cockroaches
  5 hobgoblins
  13 jackals
  14 kobolds
  4 quokkas
  6 bats
  7 frilled lizards
  17 goblins
  5 rats
290 creatures vanquished.

Vanquished Creatures (others)
  A kobold brigand (D:7)
1 creature vanquished.

Grand Total: 291 creatures vanquished

Notes
Turn   | Place    | Note
-------+----------+-------------------------------------------
     0 | D:1      | tilp the Minotaur Berserker began the quest for the Orb.
     0 | D:1      | Reached XP level 1. HP: 19/19 MP: 0/0
   121 | D:1      | Reached XP level 2. HP: 27/27 MP: 1/1
   149 | D:1      | Reached skill level 4 in Axes
   311 | D:1      | Found Limunaf's Antique Armour Emporium.
   423 | D:1      | Reached ** piety under Trog
   427 | D:1      | Reached XP level 3. HP: 32/33 MP: 2/2
   646 | D:2      | Found a stormy altar of Qazlal.
  1108 | D:2      | Noticed Robin
  1125 | D:2      | Reached skill level 1 in Stealth
  1129 | D:2      | Reached XP level 4. HP: 40/40 MP: 3/3
  1137 | D:2      | Killed Robin
  1551 | D:2      | Reached *** piety under Trog
  1851 | D:3      | Noticed Grinder
  1863 | D:3      | Killed Grinder
  1864 | D:3      | Reached skill level 5 in Axes
  1864 | D:3      | Reached XP level 5. HP: 47/47 MP: 4/4
  1864 | D:3      | Reached XP level 6. HP: 55/55 MP: 5/5
  2206 | D:1      | Bought a pair of runed boots for 217 gold pieces
  2407 | D:4      | Found a glowing drain.
  2415 | Sewer    | Entered a sewer
  2481 | Sewer    | Reached skill level 5 in Fighting
  2481 | Sewer    | Reached skill level 6 in Axes
  2546 | Sewer    | Reached XP level 7. HP: 58/61 MP: 6/6
  2550 | Sewer    | Noticed Pargi
  2560 | Sewer    | Killed Pargi
  2860 | D:4      | Reached **** piety under Trog
  2870 | D:4      | Reached skill level 7 in Axes
  3036 | D:4      | Found a radiant altar of Vehumet.
  3200 | D:4      | Reached skill level 5 in Armour
  3449 | D:5      | Entered Level 5 of the Dungeon
  3621 | D:5      | Reached skill level 8 in Axes
  3621 | D:5      | Reached XP level 8. HP: 49/70 MP: 7/7
  3726 | D:5      | Reached skill level 5 in Dodging
  4298 | D:5      | Reached skill level 9 in Axes
  4488 | D:5      | Noticed Sigmund
  4491 | D:5      | Found a hazy altar of Hepliaklqana.
  4493 | D:5      | Found a faded altar of an unknown god.
  4495 | D:5      | Killed Sigmund
  4733 | D:6      | Found a staircase to the Ecumenical Temple.
  4835 | D:6      | Reached skill level 10 in Axes
  4883 | D:6      | Reached XP level 9. HP: 79/79 MP: 8/8
  4944 | D:6      | Reached ***** piety under Trog
  5441 | D:7      | Identified the +1 pair of boots of the Land of Plenty {+Inv
                  | Fly}
  5748 | D:7      | Found Dengylisch's Antique Weapon Emporium.
  5914 | D:7      | Reached skill level 1 in Evocations
  6115 | D:7      | Reached skill level 11 in Axes
  6607 | D:7      | Reached skill level 12 in Axes
  6843 | D:8      | Reached XP level 10. HP: 90/91 MP: 9/9
  7330 | D:9      | Found Viuplin's Magic Scroll Shoppe.
  7334 | D:9      | Bought a scroll of fear for 52 gold pieces
  7334 | D:9      | Bought a scroll of identify for 26 gold pieces
  7334 | D:9      | Bought a scroll of identify for 26 gold pieces
  7334 | D:9      | Bought a scroll of silence for 123 gold pieces
  7438 | D:9      | Found a staircase to the Lair.
  7438 | D:9      | Noticed a two-headed ogre
  7459 | D:9      | Killed a two-headed ogre
  7460 | D:9      | Reached skill level 13 in Axes
  7486 | D:9      | Reached skill level 10 in Fighting
  7490 | D:9      | Reached skill level 14 in Axes
  7707 | D:9      | Reached skill level 15 in Axes
  7860 | D:9      | Found a white marble altar of Elyvilon.
  7936 | D:9      | Found an opulent altar of Gozag.
  8304 | D:9      | Found a glowing silver altar of Zin.
  8529 | D:10     | Entered Level 10 of the Dungeon
  8566 | D:10     | Found a staircase to the Orcish Mines.
  8628 | D:10     | Reached XP level 11. HP: 87/99 MP: 10/10
  8853 | D:10     | Noticed a two-headed ogre
  8864 | D:10     | Killed a two-headed ogre
  9152 | D:10     | Found a broken altar of Ashenzari.
  9160 | D:10     | Found a sacrificial altar of Ru.
  9720 | D:11     | Noticed Nergalle
  9723 | D:11     | Noticed a two-headed ogre
  9732 | D:11     | Killed Nergalle
  9733 | D:11     | Reached skill level 16 in Axes
  9734 | D:11     | Killed a two-headed ogre
  9735 | D:11     | Reached skill level 1 in Throwing
  9880 | D:11     | Noticed a skeletal warrior
  9891 | D:11     | Killed a skeletal warrior
 10113 | D:11     | Noticed a skeletal warrior
 10130 | D:11     | Killed a skeletal warrior
 10146 | D:11     | Mangled by a cyclops

Illustrated notes

Levels and vault maps discovered:
D:1:      dpeg_arrival_stonehenge_8_columns, layout_rooms, serial_shops, shop,
          st_stairs_6
D:2:      minmay_wonky_spiral, layout_basic, basic_altar,
          minmay_misc_feat_nine_boxes, uniq_robin
D:3:      layout_basic, uniq_grinder
D:4:      layout_basic, mainiacjoe_overflow_paths, lightli_sewer_entry_pipes,
          serial_bayou_pond_e, minmay_starry_boxes
D:5:      layout_basic, beargit_hepliaklqana_dungeon_heroes,
          kennysheep_cluttered_room, dk_noncrumbling_4
D:6:      layout_basic, minmay_temple_entry_slanted
D:7:      minmay_octagon_keep, layout_loops_corners, serial_shops, shop
D:8:      layout_cave_pools
D:9:      layout_basic, grunt_gozag_statues, elyvilon_altar_5,
          mainiacjoe_overflow_surrounded_room, minmay_lair_entry_grove,
          serial_shops, nicolae_shop_pleasant_corner_grove,
          minmay_misc_feat_ornament, amcnicky_mini_corridor_feature,
          chequers_serial_rivers_room_b, grunt_livestock
D:10:     layout_layer_cave, amethyst_overflow_temple_binary, orc_0_dummy
D:11:     layout_basic, minmay_bent, uniq_nergalle

Skill      XL: |  1  2  3  4  5  6  7  8  9 10 11 |
---------------+----------------------------------+-----
Axes           | 4 5 6 8 10 12 15 16 | 16.0
Fighting       | 4 5 6 7 9 10 | 10.6
Armour         | 3 4 5 6 |  6.2
Stealth        | 1 2 |  2.0
Dodging        | 3 4 6 |  6.8
Evocations     | 3 4 |  4.8
Throwing       | 2 |  2.7

Action                     |  1- 3 |  4- 6 |  7- 9 | 10-12 || total
---------------------------+-------+-------+-------+-------++-------
  Melee: Hand axe          |    83 |   102 |    75 |       ||   260
         Headbutt          |    10 |    16 |    64 |    33 ||   123
         War axe           |       |       |   207 |   174 ||   381
         Punch             |       |       |     6 |     1 ||     7
 Invoke: Berserk           |     1 |     3 |     5 |     3 ||    12
         Trog's Hand       |       |     1 |       |       ||     1
    Use: Scroll            |     5 |     6 |    10 |     3 ||    24
   Stab: Held in net/web   |       |       |     1 |       ||     1
 Armour: Animal skin       |    10 |       |       |       ||    10
         Chain mail        |    62 |    63 |   220 |   108 ||   453
  Dodge: Dodged            |    57 |    53 |   138 |    80 ||   328
  Block: Other             |       |       |    44 |    34 ||    78
         Reflection        |       |       |     2 |     6 ||     8
